[Event "Lilla Elite Hotels Open 2019"]
[Site "Vaxjo"]
[Date "2019.02.08"]
[Round "1.1"]
[White "Seo, Jung Hyun"]
[Black "Muntean, Felix"]
[Result "1-0"]
[ECO "C23"]
[WhiteElo "1534"]
[BlackElo "1298"]
[Annotator "NA RC"]
[PlyCount "123"]
[EventDate "2019.02.08"]
[EventType "swiss"]
[EventCountry "SWE"]
[SourceTitle "playchess.com"]
[Source "ChessBase"]
[SourceQuality "1"]
[TimeControl "5400+30"]

1. e4 e5 2. Bc4 Nc6 3. Nc3 Bc5 4. Nf3 d6 5. h3 Nf6 6. d3 Be6 7. Bb3 O-O 8. O-O Qd7 9. Ng5 h6 10. Nxe6 fxe6 11. a3 Nd4 12. Ba2 c6 13. Be3 Kh8 14. Na4 Bb6 15. c3 c5 16. Nxb6 axb6 17. cxd4 exd4 18. Bf4 e5 19. Bh2 Qe8 20. Bb3 Qg6 21. Qd2 Nh5 22. Bd1 Nf4 23. Bxf4 Rxf4 24. Bg4 h5 25. Bf5 Qh6 26. g3 Rf3 27. Qxh6+ gxh6 28. Rad1 Rg8 29. Kg2 Rf4 30. Kh2 Rf3 31. Rd2 h4 32. g4 Rg5 33. Kg2 Rf4 34. f3 Kg8 35. Kf2 Kf8 36. b4 Ke8 37. bxc5 bxc5 38. Rb1 Rg7 39. Rdb2 Kd8 40. Rxb7 Rxb7 41. Rxb7 Ke8 42. a4 d5 43. exd5 c4 44. dxc4 e4 45. Bxe4 Rf6 46. Rb8+ Kd7 47. Bf5+ Kc7 48. Rc8+ Kb7 49. Rc6 Rxc6 50. dxc6+ Kxc6 51. Ke2 Kc5 52. Be6 Kb4 53. Kd3 Kxa4 54. Kxd4 Ka5 55. Kc5 Ka6 56. Kc6 Ka7 57. Kc7 Ka8 58. c5 Ka7 59. c6 Ka8 60. Kb6 Kb8 61. c7+ Ka8 62. c8=Q# 1-0

[Event "Lilla Elite Hotels Open 2019"]
[Site "Vaxjo"]
[Date "2019.02.08"]
[Round "1.3"]
[White "Egerhag, Vilgot"]
[Black "Krohn, Johan"]
[Result "0-1"]
[ECO "D00"]
[WhiteElo "1502"]
[BlackElo "1255"]
[Annotator "NA RC"]
[PlyCount "78"]
[EventDate "2019.02.08"]
[EventType "swiss"]
[EventCountry "SWE"]
[SourceTitle "playchess.com"]
[Source "ChessBase"]
[SourceQuality "1"]
[TimeControl "5400+30"]

1. d4 d5 2. Bf4 e6 3. Nf3 Nf6 4. e3 c5 5. c4 g6 6. Nc3 cxd4 7. exd4 Bg7 8. Be2 Nc6 9. Bg5 Qc7 10. Qd2 b6 11. Bf4 e5 12. dxe5 Ne4 13. Nxe4 dxe4 14. Nd4 Bxe5 15. Nxc6 Bxf4 16. Qd4 O-O 17. Qxe4 Bb7 18. Bf3 Rae8 19. O-O Rxe4 20. Bxe4 Bxc6 21. Rfe1 Re8 22. Bxc6 Rxe1+ 23. Rxe1 Qxc6 24. b3 Qd6 25. g3 Bg5 26. Re8+ Kg7 27. Ra8 Qa3 28. h4 Bf6 29. Kg2 Qxa2 30. Rc8 Qxb3 31. c5 bxc5 32. Rxc5 Bd4 33. Ra5 Qb6 34. Ra2 a5 35. Ra3 Qb4 36. Rd3 a4 37. h5 a3 38. hxg6 hxg6 39. Rd1 a2 0-1

[Event "Lilla Elite Hotels Open 2019"]
[Site "Vaxjo"]
[Date "2019.02.08"]
[Round "1.4"]
[White "Joensson, Kent"]
[Black "Nilsson, Hannes"]
[Result "0-1"]
[ECO "A56"]
[WhiteElo "1240"]
[BlackElo "1495"]
[Annotator "NA RC"]
[PlyCount "58"]
[EventDate "2019.02.08"]
[EventType "swiss"]
[EventCountry "SWE"]
[SourceTitle "playchess.com"]
[Source "ChessBase"]
[SourceQuality "1"]
[TimeControl "5400+30"]

1. d4 Nf6 2. c4 c5 3. Nf3 cxd4 4. Nxd4 g6 5. Nc3 Bg7 6. Qc2 d6 7. e3 Nc6 8. Nf3 Bf5 9. Bd3 Bxd3 10. Qxd3 O-O 11. a3 Rc8 12. b4 Ng4 13. Rb1 Nge5 14. Nxe5 Nxe5 15. Qd2 Rxc4 16. Bb2 e6 17. O-O a6 18. Rfd1 d5 19. Ne2 Qg5 20. f4 Nf3+ 21. Kh1 Nxd2 22. fxg5 Nxb1 23. Bxg7 Kxg7 24. Rxb1 Rfc8 25. Rf1 Rc2 26. Nd4 Rc1 27. Kg1 Rxf1+ 28. Kxf1 Rc3 29. Kf2 Rxa3 0-1

[Event "Lilla Elite Hotels Open 2019"]
[Site "Vaxjo"]
[Date "2019.02.08"]
[Round "2.1"]
[White "Nuha, Florijan"]
[Black "Seo, Jung Hyun"]
[Result "1/2-1/2"]
[ECO "D43"]
[WhiteElo "1404"]
[BlackElo "1534"]
[Annotator "NA RC"]
[PlyCount "135"]
[EventDate "2019.02.08"]
[EventType "swiss"]
[EventCountry "SWE"]
[SourceTitle "playchess.com"]
[Source "ChessBase"]
[SourceQuality "1"]
[TimeControl "900+5"]

1. d4 Nf6 2. c4 e6 3. Nf3 d5 4. Nc3 c6 5. a3 Nbd7 6. cxd5 exd5 7. e3 Bd6 8. Be2 O-O 9. O-O Re8 10. Qc2 Ne4 11. Nxe4 dxe4 12. Nd2 f5 13. Nc4 Bc7 14. Qb3 Kh8 15. Qc2 Nf6 16. Rd1 Nd5 17. Ne5 Bxe5 18. dxe5 Rxe5 19. b4 Qf8 20. Bb2 Re8 21. Bc4 Be6 22. b5 Rac8 23. Qb3 Qf7 24. bxc6 bxc6 25. Bxd5 Bxd5 26. Qc3 Rf8 27. h4 h6 28. g3 Kh7 29. Qe5 Qc7 30. Qd4 Rcd8 31. Qc5 Rfe8 32. Bc3 Qe7 33. Qa5 Rd7 34. Rd2 Red8 35. Rad1 Qf7 36. Be5 Qe6 37. Bf4 Bb3 38. Rxd7 Rxd7 39. Rxd7 Qxd7 40. Qc3 Bd1 41. Qd4 Qxd4 42. exd4 Bf3 43. Bb8 a6 44. Kf1 Kg6 45. Ke1 Kf7 46. Kd2 Ke6 47. Kc3 Kd5 48. Be5 g6 49. Bg7 h5 50. Bh6 Be2 51. Be3 Bb5 52. Kb4 Ke6 53. Kc5 Kd7 54. d5 cxd5 55. Kxd5 Ke7 56. Ke5 a5 57. Kd5 a4 58. Kc5 Be8 59. Kd5 Kf6 60. Kd6 Bb5 61. Bd4+ Kf7 62. Ke5 Bd3 63. Kf4 Bb5 64. f3 exf3 65. Kxf3 Ke6 66. Kf4 Be8 67. Bc3 Kd5 68. Bb4 {[%emt 0:00:07] Ke5+ Ke4+} 1/2-1/2

[Event "Lilla Elite Hotels Open 2019"]
[Site "Vaxjo"]
[Date "2019.02.08"]
[Round "2.2"]
[White "Nilsson, Hannes"]
[Black "Muntean, Adrian"]
[Result "0-1"]
[ECO "C34"]
[WhiteElo "1495"]
[BlackElo "1402"]
[Annotator "NA RC"]
[PlyCount "113"]
[EventDate "2019.02.08"]
[EventType "swiss"]
[EventCountry "SWE"]
[SourceTitle "playchess.com"]
[Source "ChessBase"]
[SourceQuality "1"]
[TimeControl "900+5"]

1. e4 e5 2. f4 exf4 3. Nf3 Ne7 4. d4 Ng6 5. Bc4 d6 6. O-O Be6 7. d5 Bd7 8. Nc3 Ne5 9. Nxe5 dxe5 10. Qh5 Qf6 11. d6 Bxd6 12. Nd5 Qg6 13. Qf3 Nc6 14. Bd2 Nd4 15. Qc3 f5 16. exf5 Bxf5 17. Rae1 O-O-O 18. Bxf4 Rhe8 19. Qa5 Nc6 20. Qb5 exf4 21. Rxe8 Rxe8 22. Nxf4 Bxf4 23. Rxf4 Re1+ 24. Bf1 Re5 25. Qc4 Ne7 26. Qc3 Qd6 27. Qf3 g6 28. Qc3 Qc5+ 29. Qxc5 Rxc5 30. c3 Rd5 31. Bc4 Rd1+ 32. Kf2 Rd2+ 33. Kg3 Rxb2 34. Kh4 h6 35. g4 Rxh2+ 36. Kg3 Rc2 37. gxf5 Nxf5+ 38. Kg4 Rg2+ 39. Kh3 Rg3+ 40. Kh2 Rxc3 41. Be6+ Kd8 42. Bxf5 gxf5 43. Rxf5 Rc2+ 44. Kg3 Rxa2 45. Rf8+ Ke7 46. Rh8 Ra6 47. Rh7+ Kd6 48. Rxh6+ Kc5 49. Rh5+ Kd4 50. Rh7 Rc6 51. Rh2 a5 52. Kf4 a4 53. Ra2 b5 54. Rd2+ Kc3 55. Re2 Rc4+ 56. Ke3 a3 57. Re1 0-1

[Event "Lilla Elite Hotels Open 2019"]
[Site "Vaxjo"]
[Date "2019.02.08"]
[Round "2.3"]
[White "Andersson, Lars-Johan"]
[Black "Wennerlund, Elias"]
[Result "0-1"]
[ECO "B02"]
[WhiteElo "1388"]
[BlackElo "1494"]
[Annotator "NA RC"]
[PlyCount "38"]
[EventDate "2019.02.08"]
[EventType "swiss"]
[EventCountry "SWE"]
[SourceTitle "playchess.com"]
[Source "ChessBase"]
[SourceQuality "1"]
[TimeControl "900+5"]

1. e4 Nf6 2. e5 Nd5 3. c4 Nb6 4. c5 Nd5 5. Qb3 e6 6. d4 b6 7. Nf3 bxc5 8. Bg5 f6 9. exf6 Nxf6 10. Bc4 Nc6 11. Ne5 Nxd4 12. Qd3 Be7 13. O-O O-O 14. f4 d5 15. Nc6 Nxc6 16. Rf3 dxc4 17. Qc2 Nd4 18. Qxc4 Nxf3+ 19. gxf3 Qd4+ 0-1

[Event "Lilla Elite Hotels Open 2019"]
[Site "Vaxjo"]
[Date "2019.02.08"]
[Round "2.4"]
[White "Morell, Oscar"]
[Black "Morell, Adam"]
[Result "1-0"]
[ECO "B90"]
[WhiteElo "1362"]
[BlackElo "1492"]
[Annotator "NA RC"]
[PlyCount "75"]
[EventDate "2019.02.08"]
[EventType "swiss"]
[EventCountry "SWE"]
[SourceTitle "playchess.com"]
[Source "ChessBase"]
[SourceQuality "1"]
[TimeControl "900+5"]

1. e4 c5 2. Nf3 d6 3. d4 cxd4 4. Nxd4 Nf6 5. Nc3 a6 6. Be3 e5 7. Nb3 Be6 8. Qd2 Ng4 9. f3 Nxe3 10. Qxe3 Be7 11. Bd3 Nd7 12. Qe2 Rc8 13. O-O-O Bxb3 14. axb3 Qa5 15. Kb1 Nf6 16. h4 O-O 17. g4 Rfd8 18. h5 d5 19. g5 dxe4 20. fxe4 Ne8 21. g6 fxg6 22. hxg6 h6 23. Qe3 Bg5 24. Qf3 Nf6 25. Rh3 Rf8 26. Qg2 Nd7 27. Bc4+ Rxc4 28. bxc4 Nb6 29. Rf3 Bf6 30. b3 Qb4 31. Qd2 Nxc4 32. Qd5+ Kh8 33. Qxc4 Qa3 34. b4 a5 35. Qb3 axb4 36. Qxa3 bxa3 37. Nd5 Bg5 38. Rxf8# 1-0

[Event "Lilla Elite Hotels Open 2019"]
[Site "Vaxjo"]
[Date "2019.02.08"]
[Round "3.1"]
[White "Wennerlund, Elias"]
[Black "Morell, Oscar"]
[Result "1-0"]
[ECO "B20"]
[WhiteElo "1494"]
[BlackElo "1362"]
[Annotator "NA RC"]
[PlyCount "71"]
[EventDate "2019.02.08"]
[EventType "swiss"]
[EventCountry "SWE"]
[SourceTitle "playchess.com"]
[Source "ChessBase"]
[SourceQuality "1"]
[TimeControl "900+5"]

1. e4 c5 2. b3 d6 3. Bb2 Nc6 4. Bb5 Bd7 5. f4 a6 6. Bxc6 Bxc6 7. d3 Nf6 8. Nf3 e6 9. O-O Be7 10. e5 dxe5 11. Nxe5 Qd5 12. Qe2 O-O 13. Nc3 Qd6 14. Rad1 Qc7 15. Ne4 Nxe4 16. dxe4 f6 17. Qg4 Rad8 18. Qxe6+ Kh8 19. Nf7+ Rxf7 20. Qxf7 Bxe4 21. Rde1 Rf8 22. Qc4 Bc6 23. Qd3 Rd8 24. Qe3 Re8 25. Qd2 Rd8 26. Qf2 Qd6 27. Re2 Re8 28. Rd2 Qc7 29. Re1 b5 30. Rde2 b4 31. Qxc5 Bf8 32. Rxe8 Bxe8 33. Qxc7 h6 34. Rxe8 Kh7 35. Rxf8 f5 36. Qxg7# 1-0

[Event "Lilla Elite Hotels Open 2019"]
[Site "Vaxjo"]
[Date "2019.02.08"]
[Round "3.2"]
[White "Fridman, Arvid"]
[Black "Petersson, David"]
[Result "1-0"]
[ECO "A80"]
[WhiteElo "1219"]
[BlackElo "1465"]
[Annotator "NA RC"]
[PlyCount "87"]
[EventDate "2019.02.08"]
[EventType "swiss"]
[EventCountry "SWE"]
[SourceTitle "playchess.com"]
[Source "ChessBase"]
[SourceQuality "1"]
[TimeControl "900+5"]

1. d4 f5 2. Nc3 Nf6 3. Bf4 e6 4. Nf3 b6 5. e3 Bb7 6. Be2 Be7 7. O-O O-O 8. h3 Ne4 9. Nxe4 Bxe4 10. Nd2 Bb7 11. Bf3 Bxf3 12. Qxf3 Nc6 13. c4 Bg5 14. Qg3 Bxf4 15. Qxf4 Ne7 16. Qf3 Rb8 17. a4 a5 18. Rfb1 Ng6 19. b4 Qg5 20. Qg3 Qxg3 21. fxg3 Ne7 22. bxa5 bxa5 23. Rb5 Rxb5 24. axb5 Ra8 25. Nb3 c6 26. Rxa5 Rb8 27. bxc6 Rxb3 28. Ra8+ Kf7 29. cxd7 Nc6 30. d5 exd5 31. cxd5 Ne5 32. d8=Q Nd3 33. Ra2 Rb1+ 34. Kh2 Rf1 35. Qc7+ Kg6 36. Qb6+ Kh5 37. d6 Nf2 38. Rxf2 Rxf2 39. d7 g5 40. d8=Q g4 41. Qe8+ Kg5 42. Qbd8+ Kh6 43. Qh4+ Kg7 44. Qg5# 1-0

[Event "Lilla Elite Hotels Open 2019"]
[Site "Vaxjo"]
[Date "2019.02.08"]
[Round "3.4"]
[White "Alfredsson, Daniel"]
[Black "Ostlund, Tobias"]
[Result "1/2-1/2"]
[ECO "A20"]
[WhiteElo "1455"]
[BlackElo "1174"]
[Annotator "NA RC"]
[PlyCount "99"]
[EventDate "2019.02.08"]
[EventType "swiss"]
[EventCountry "SWE"]
[SourceTitle "playchess.com"]
[Source "ChessBase"]
[SourceQuality "1"]
[TimeControl "900+5"]

1. c4 e5 2. g3 Nf6 3. Bg2 d5 4. cxd5 Nxd5 5. Nc3 Be6 6. a3 Nc6 7. Nf3 Bc5 8. b4 Nxc3 9. dxc3 Qxd1+ 10. Kxd1 Bxf2 11. e3 Bc4 12. Nd2 O-O-O 13. Bf3 Bxe3 14. Re1 Bxd2 15. Bxd2 Rhe8 16. Kc2 f5 17. Bg5 Rd7 18. Rad1 e4 19. Bg2 Bd3+ 20. Kc1 h6 21. Be3 a5 22. Bf1 axb4 23. Bxd3 exd3 24. axb4 Ne5 25. Bd4 Rde7 26. Bxe5 Rxe5 27. Rxe5 Rxe5 28. Rxd3 Re2 29. Rd2 Re3 30. Kc2 Rf3 31. Rd4 Rf2+ 32. Rd2 Rxd2+ 33. Kxd2 Kd7 34. Ke3 Ke6 35. Kd4 g5 36. h3 b6 37. c4 c6 38. c5 bxc5+ 39. Kxc5 Kd7 40. b5 cxb5 41. Kxb5 Kd6 42. Kc4 Ke5 43. Kd3 h5 44. g4 h4 45. gxf5 Kxf5 46. Ke3 g4 47. hxg4+ Kxg4 48. Kf2 h3 49. Kg1 Kg3 50. Kh1 1/2-1/2

[Event "Lilla Elite Hotels Open 2019"]
[Site "Vaxjo"]
[Date "2019.02.08"]
[Round "4.1"]
[White "Muntean, Adrian"]
[Black "Wennerlund, Elias"]
[Result "0-1"]
[ECO "B02"]
[WhiteElo "1402"]
[BlackElo "1494"]
[Annotator "NA RC"]
[PlyCount "152"]
[EventDate "2019.02.08"]
[EventType "swiss"]
[EventCountry "SWE"]
[SourceTitle "playchess.com"]
[Source "ChessBase"]
[SourceQuality "1"]
[TimeControl "900+5"]

1. e4 Nf6 2. e5 Nd5 3. c4 Nb6 4. c5 Nd5 5. Bc4 e6 6. d4 b6 7. cxb6 Nxb6 8. Bb3 Bb7 9. f3 d6 10. Bf4 Nc6 11. exd6 Bxd6 12. Bxd6 cxd6 13. Ne2 Qg5 14. O-O O-O 15. Nbc3 d5 16. f4 Qf6 17. a3 Na5 18. Bc2 Nac4 19. Qd3 g6 20. b3 Nd6 21. Rf3 a5 22. a4 Ba6 23. Qd2 Rfc8 24. Raf1 Bxe2 25. Nxe2 Ne4 26. Bxe4 dxe4 27. Rh3 Nd5 28. Ng3 e3 29. Qe1 Qxd4 30. Ne2 Qc5 31. Qh4 h5 32. Qg5 Nc3 33. Qxc5 Nxe2+ 34. Kh1 Rxc5 35. Rxe3 Nd4 36. Rd1 Rd5 37. h4 Rb8 38. Rdd3 Rbd8 39. Rc3 Nf5 40. Rh3 Rd4 41. g3 Rd3 42. Rxd3 Rxd3 43. b4 axb4 44. Kg2 Ra3 45. Rh1 Rxa4 46. Rb1 Nd4 47. Kf2 b3 48. Ke3 Nc2+ 49. Kd3 Nb4+ 50. Kc3 Nd5+ 51. Kb2 Re4 52. Rg1 Re3 53. Rg2 Rc3 54. Rg1 Rf3 55. Rg2 Ne3 56. Rg1 Rf1 57. Rxf1 Nxf1 58. Kxb3 Nxg3 59. Kc3 Nf5 60. Kd3 Nxh4 61. Ke3 Nf5+ 62. Kf3 h4 63. Kg4 Kg7 64. Kh3 Kf6 65. Kg4 e5 66. fxe5+ Kxe5 67. Kh3 Kf4 68. Kg2 g5 69. Kh3 g4+ 70. Kg2 Ne3+ 71. Kh2 Ke4 72. Kg1 f5 73. Kh2 f4 74. Kg1 f3 75. Kf2 g3+ 76. Kg1 f2+ 0-1

[Event "Lilla Elite Hotels Open 2019"]
[Site "Vaxjo"]
[Date "2019.02.08"]
[Round "4.2"]
[White "Nabbing, Oscar"]
[Black "Fridman, Arvid"]
[Result "0-1"]
[ECO "C25"]
[WhiteElo "1456"]
[BlackElo "1219"]
[Annotator "NA RC"]
[PlyCount "78"]
[EventDate "2019.02.08"]
[EventType "swiss"]
[EventCountry "SWE"]
[SourceTitle "playchess.com"]
[Source "ChessBase"]
[SourceQuality "1"]
[TimeControl "900+5"]

1. e4 e5 2. Nc3 Nc6 3. f4 d6 4. Nf3 Bg4 5. Bb5 Nf6 6. O-O a6 7. Bxc6+ bxc6 8. fxe5 dxe5 9. d3 Bc5+ 10. Kh1 O-O 11. Qe1 Re8 12. Qh4 h6 13. h3 Bxf3 14. Rxf3 Nd7 15. Qg3 Kf8 16. Bd2 Rb8 17. Raf1 f6 18. Qh4 Rxb2 19. Bxh6 gxh6 20. Qxh6+ Ke7 21. Qg7+ Ke6 22. Rxf6+ Nxf6 23. Na4 Rxc2 24. g4 Rg8 25. Qh6 Rh8 26. Nxc5+ Rxc5 27. Qe3 Qd4 28. Qf3 Rf8 29. g5 Nd7 30. Qg4+ Kd6 31. Rxf8 Nxf8 32. Qf3 Ne6 33. g6 Rc1+ 34. Kh2 Qb2+ 35. Kg3 Rg1+ 36. Kh4 Rxg6 37. Kh5 Qg2 38. Qf5 Rg5+ 39. Qxg5 Qxg5# 0-1

[Event "Lilla Elite Hotels Open 2019"]
[Site "Vaxjo"]
[Date "2019.02.08"]
[Round "4.3"]
[White "Ostlund, Tobias"]
[Black "Seo, Jung Hyun"]
[Result "0-1"]
[ECO "C11"]
[WhiteElo "1174"]
[BlackElo "1534"]
[Annotator "NA RC"]
[PlyCount "66"]
[EventDate "2019.02.08"]
[EventType "swiss"]
[EventCountry "SWE"]
[SourceTitle "playchess.com"]
[Source "ChessBase"]
[SourceQuality "1"]
[TimeControl "900+5"]

1. e4 e6 2. Nf3 d5 3. Nc3 Nf6 4. e5 Nfd7 5. d4 c5 6. Be3 Nc6 7. b3 Qa5 8. Qd2 cxd4 9. Bxd4 Nxd4 10. Nxd4 Bb4 11. Nde2 b6 12. f4 Ba6 13. Kf2 Bxe2 14. Qxe2 Bxc3 15. Rc1 Bd4+ 16. Kg3 Qc3+ 17. Kh4 Be3 18. Rd1 Bxf4 19. Qg4 g5+ 20. Kh5 Qxe5 21. Bb5 Rd8 22. h4 h6 23. Rhe1 Qf6 24. Qh3 Qg6+ 25. Kg4 f5+ 26. Kf3 g4+ 27. Kxf4 gxh3 28. Bxd7+ Rxd7 29. Ke5 Ke7 30. Kf4 hxg2 31. Rg1 Qg4+ 32. Ke3 Qe4+ 33. Kf2 Rg8 0-1

[Event "Lilla Elite Hotels Open 2019"]
[Site "Vaxjo"]
[Date "2019.02.08"]
[Round "4.4"]
[White "Petersson, David"]
[Black "Alfredsson, Daniel"]
[Result "1-0"]
[ECO "D00"]
[WhiteElo "1465"]
[BlackElo "1455"]
[Annotator "NA RC"]
[PlyCount "79"]
[EventDate "2019.02.08"]
[EventType "swiss"]
[EventCountry "SWE"]
[SourceTitle "playchess.com"]
[Source "ChessBase"]
[SourceQuality "1"]
[TimeControl "900+5"]

1. d4 d5 2. Bf4 Nf6 3. e3 c5 4. c3 Nc6 5. Nd2 Bf5 6. Ngf3 e6 7. Ne5 Bd6 8. Ndf3 Qc7 9. Bd3 Bxd3 10. Qxd3 cxd4 11. cxd4 Nd7 12. Nxd7 Bxf4 13. exf4 Kxd7 14. Ne5+ Ke7 15. O-O f6 16. Nxc6+ Qxc6 17. Rfc1 Qb6 18. Qa3+ Kd7 19. Qa4+ Ke7 20. Qa3+ Kf7 21. Qc3 Rac8 22. Qd2 Rc4 23. Rxc4 dxc4 24. Rc1 Rc8 25. Qc3 Rd8 26. Rd1 Qb5 27. Rc1 Qd5 28. Qxc4 Qxd4 29. Qxd4 Rxd4 30. g3 Ke7 31. Rc7+ Rd7 32. Rxd7+ Kxd7 33. Kf1 Kd6 34. Ke2 Kd5 35. Kd3 b5 36. b4 e5 37. fxe5 fxe5 38. f3 g5 39. h3 h6 40. g4 1-0

[Event "Lilla Elite Hotels Open 2019"]
[Site "Vaxjo"]
[Date "2019.02.09"]
[Round "5.1"]
[White "Wennerlund, Elias"]
[Black "Fridman, Arvid"]
[Result "1-0"]
[ECO "C25"]
[WhiteElo "1494"]
[BlackElo "1219"]
[Annotator "NA RC"]
[PlyCount "25"]
[EventDate "2019.02.08"]
[EventType "swiss"]
[EventCountry "SWE"]
[SourceTitle "playchess.com"]
[Source "ChessBase"]
[SourceQuality "1"]
[TimeControl "5400+30"]

1. e4 e5 2. Nc3 Nc6 3. Bc4 Bc5 4. Qg4 Qf6 5. Nd5 Qxf2+ 6. Kd1 Qd4 7. d3 Kf8 8. c3 Qf2 9. Nh3 h5 10. Qg5 f6 11. Qg6 Rh6 12. Bxh6 Qxb2 13. Bxg7# 1-0

[Event "Lilla Elite Hotels Open 2019"]
[Site "Vaxjo"]
[Date "2019.02.09"]
[Round "5.2"]
[White "Seo, Jung Hyun"]
[Black "Mossblad, Edvin"]
[Result "1-0"]
[ECO "B34"]
[WhiteElo "1534"]
[BlackElo "1494"]
[Annotator "NA"]
[PlyCount "115"]
[EventDate "2019.02.08"]
[EventType "swiss"]
[EventCountry "SWE"]
[SourceTitle "playchess.com"]
[Source "ChessBase"]
[SourceQuality "1"]
[TimeControl "5400+30"]

1. e4 c5 2. Nf3 Nc6 3. Nc3 g6 4. d4 cxd4 5. Nxd4 Bg7 6. Be3 a6 7. Qd2 e6 8. Be2 d5 9. exd5 exd5 10. O-O Nge7 11. Bf3 Be6 12. Rfe1 O-O 13. Nxe6 fxe6 14. Bg5 Nd4 15. Bxd5 Rf7 16. Bxe6 Nxe6 17. Rxe6 Qxd2 18. Bxd2 Nf5 19. Rc1 Rd7 20. Bg5 Rc8 21. Bf6 Nd4 22. Bxd4 Bxd4 23. Nd1 Rcd8 24. Re1 Bg7 25. Nc3 Bxc3 26. bxc3 Rc7 27. Kf1 Rxc3 28. Re2 b5 29. Ke1 Rdc8 30. Kd2 b4 31. Re3 R3c5 32. a3 a5 33. axb4 axb4 34. f4 Kf7 35. g3 Kf6 36. h3 h5 37. g4 Rc4 38. Rf3 h4 39. f5 g5 40. Re3 R8c6 41. Rd3 Kf7 42. Ke3 Rxc2 43. Rxc2 Rxc2 44. Kd4 b3 45. Rxb3 Rc7 46. Rd3 Kf6 47. Ke4 Rc1 48. Rd6+ Kf7 49. Rg6 Rc3 50. Rxg5 Rxh3 51. Rh5 Rh1 52. Kf4 Kf6 53. g5+ Kg7 54. Kg4 Ra1 55. f6+ Kf7 56. Rxh4 Ra5 57. Rh7+ Kg6 58. Rg7# 1-0

[Event "Lilla Elite Hotels Open 2019"]
[Site "Vaxjo"]
[Date "2019.02.09"]
[Round "5.3"]
[White "Petersson, David"]
[Black "Muntean, Adrian"]
[Result "1/2-1/2"]
[ECO "D00"]
[WhiteElo "1465"]
[BlackElo "1402"]
[Annotator "NA RC"]
[PlyCount "50"]
[EventDate "2019.02.08"]
[EventType "swiss"]
[EventCountry "SWE"]
[SourceTitle "playchess.com"]
[Source "ChessBase"]
[SourceQuality "1"]
[TimeControl "5400+30"]

1. d4 d5 2. Bf4 Nf6 3. e3 e6 4. c3 Be7 5. Nd2 c5 6. Bd3 c4 7. Bc2 b5 8. a3 Bb7 9. Ngf3 Nh5 10. Bg3 Nxg3 11. hxg3 h6 12. Ne5 Nd7 13. Ndf3 Nf6 14. Qb1 Ne4 15. Nd2 Nxd2 16. Kxd2 Qc7 17. f4 Bd6 18. Nf3 f5 19. Qg1 a5 20. Qh2 O-O-O 21. Rhb1 a4 22. Qh5 Bc6 23. g4 Be8 24. Qh3 g6 25. g5 h5 1/2-1/2

[Event "Lilla Elite Hotels Open 2019"]
[Site "Vaxjo"]
[Date "2019.02.09"]
[Round "6.1"]
[White "Seo, Jung Hyun"]
[Black "Wennerlund, Elias"]
[Result "1/2-1/2"]
[ECO "B04"]
[WhiteElo "1534"]
[BlackElo "1494"]
[Annotator "NA"]
[PlyCount "75"]
[EventDate "2019.02.08"]
[EventType "swiss"]
[EventCountry "SWE"]
[SourceTitle "playchess.com"]
[Source "ChessBase"]
[SourceQuality "1"]
[TimeControl "5400+30"]

1. e4 Nf6 2. e5 Nd5 3. d4 d6 4. Nf3 dxe5 5. Nxe5 c6 6. Be2 Bf5 7. O-O Nd7 8. Nf3 e6 9. a3 Bd6 10. c4 Nf4 11. Nc3 Qf6 12. Bxf4 Bxf4 13. Bd3 Bg4 14. Ne4 Qh6 15. g3 Qh5 16. Be2 Bc7 17. Re1 Qf5 18. Nfd2 h5 19. Nc3 Nf6 20. Qb1 Qg5 21. Nde4 Qh6 22. h4 Bf5 23. Bd3 O-O-O 24. Nxf6 Qxf6 25. Bxf5 exf5 26. d5 f4 27. Ne4 Qd4 28. d6 Bxd6 29. Nxd6+ Qxd6 30. Qf5+ Kb8 31. Rad1 Qc7 32. Qxf4 Qxf4 33. gxf4 Rxd1 34. Rxd1 Rh6 35. Rd7 Rf6 36. Rd4 Kc7 37. Kg2 g6 38. Kf3 1/2-1/2

[Event "Lilla Elite Hotels Open 2019"]
[Site "Vaxjo"]
[Date "2019.02.09"]
[Round "6.2"]
[White "Nabbing, Oscar"]
[Black "Morell, Adam"]
[Result "1-0"]
[ECO "B23"]
[WhiteElo "1456"]
[BlackElo "1492"]
[Annotator "NA"]
[PlyCount "85"]
[EventDate "2019.02.08"]
[EventType "swiss"]
[EventCountry "SWE"]
[SourceTitle "playchess.com"]
[Source "ChessBase"]
[SourceQuality "1"]
[TimeControl "5400+30"]

1. e4 c5 2. Nc3 Nc6 3. f4 g6 4. Nf3 Bg7 5. Bc4 e6 6. O-O Nge7 7. f5 O-O 8. fxe6 fxe6 9. d3 d5 10. Bb3 a6 11. Bg5 Qd7 12. a4 b6 13. Qe1 Bb7 14. Qh4 Rae8 15. Bh6 Nd4 16. Ng5 Nec6 17. Bxg7 Qxg7 18. Qh3 Bc8 19. Nf3 Nxb3 20. cxb3 Nd4 21. Nxd4 cxd4 22. Ne2 dxe4 23. dxe4 d3 24. Qxd3 Qxb2 25. Rab1 Qe5 26. Ng3 Rd8 27. Rxf8+ Rxf8 28. Rd1 Qc7 29. Qd6 Qb7 30. Rc1 Qf7 31. Rf1 Qg7 32. Rxf8+ Qxf8 33. Qxb6 Qe8 34. Qc7 Bd7 35. Qc4 Bc8 36. e5 Qd7 37. Ne4 Kg7 38. Nd6 Qa7+ 39. Kf1 Bd7 40. Qf4 Bc6 41. Qf6+ Kh6 42. Nf7+ Kh5 43. Qg5# 1-0

[Event "Lilla Elite Hotels Open 2019"]
[Site "Vaxjo"]
[Date "2019.02.09"]
[Round "6.3"]
[White "Fridman, Arvid"]
[Black "Alfredsson, Daniel"]
[Result "0-1"]
[ECO "A43"]
[WhiteElo "1219"]
[BlackElo "1455"]
[Annotator "NA"]
[PlyCount "98"]
[EventDate "2019.02.08"]
[EventType "swiss"]
[EventCountry "SWE"]
[SourceTitle "playchess.com"]
[Source "ChessBase"]
[SourceQuality "1"]
[TimeControl "5400+30"]

1. d4 c5 2. dxc5 Qa5+ 3. Nc3 e6 4. Nf3 Bxc5 5. e4 Nf6 6. Bd3 d5 7. e5 Nfd7 8. O-O Nc6 9. Re1 Nd4 10. Bd2 Nxf3+ 11. Qxf3 O-O 12. Qg3 Rd8 13. Ne4 Bb4 14. Bxb4 Qxb4 15. Qg5 Qf8 16. Nd6 Nxe5 17. Nxc8 Nc6 18. Nxa7 Rxa7 19. Re3 Qe7 20. Qxe7 Nxe7 21. h3 Nc6 22. Ree1 Nb4 23. a3 Nxd3 24. cxd3 Rc8 25. Rec1 Raa8 26. f4 Kf8 27. Kf2 Ke7 28. Ke3 Kd7 29. d4 Rc4 30. Kd3 Raa4 31. Rxc4 dxc4+ 32. Kc3 Kd6 33. g4 Kd5 34. Re1 f6 35. h4 Ra6 36. h5 Rb6 37. g5 Rb3+ 38. Kc2 f5 39. Re5+ Kd6 40. d5 exd5 41. Rxf5 Re3 42. Rf7 Re7 43. Rxe7 Kxe7 44. f5 Kd6 45. f6 Ke6 46. g6 hxg6 47. fxg7 Kf7 48. h6 g5 49. Kd2 d4 0-1

[Event "Lilla Elite Hotels Open 2019"]
[Site "Vaxjo"]
[Date "2019.02.09"]
[Round "6.4"]
[White "Johansson, Jan"]
[Black "Wetterling, Ywonne"]
[Result "1/2-1/2"]
[ECO "D00"]
[WhiteElo "2344"]
[BlackElo "1430"]
[Annotator "NA"]
[PlyCount "88"]
[EventDate "2019.02.08"]
[EventType "swiss"]
[EventCountry "SWE"]
[SourceTitle "playchess.com"]
[Source "ChessBase"]
[SourceQuality "1"]
[TimeControl "5400+30"]

1. d4 d5 2. Bf4 Nf6 3. e3 e6 4. Nf3 Bd6 5. Bg3 Bxg3 6. hxg3 Nbd7 7. c4 c6 8. Nc3 dxc4 9. Bxc4 Nb6 10. Bd3 h6 11. Rc1 Nbd5 12. Nxd5 exd5 13. Qd2 Qe7 14. Ne5 Be6 15. f3 Nd7 16. Nxd7 Qxd7 17. Qb4 Qe7 18. Qc5 Qxc5 19. Rxc5 Kd7 20. Kd2 Kd6 21. Rhc1 Rhc8 22. a3 h5 23. Rh1 g6 24. Rhc1 Bd7 25. Rh1 Rh8 26. Rcc1 Rhg8 27. Rh2 f5 28. Rch1 Rae8 29. b4 a6 30. Rh4 Re7 31. Re1 Rgg7 32. Bc2 Be8 33. Rh2 Bd7 34. Bd1 Be8 35. g4 fxg4 36. fxg4 hxg4 37. Bxg4 Bd7 38. Bf3 Bf5 39. Reh1 Be4 40. Rh6 Bf5 41. R1h4 Re6 42. Rh7 Ree7 43. Rxg7 Rxg7 44. Rh6 Ke7 1/2-1/2